 Dungeon Crawl Stone Soup version 0.29-a0-284-gf9362112df (webtiles) character file.

Game seed: 60359179993523869

46 rabbitsville the Chopper (level 3, -5/27 HPs)
             Began as a Minotaur Wanderer on Mar 30, 2022.
             Was a Follower of Hepliaklqana.
             Slain by Sigmund
             ... wielding a +0 scythe
              (12 damage)
             ... on level 2 of the Dungeon.
             The game lasted 00:05:15 (974 turns).

rabbitsville the Chopper (Minotaur Wanderer)         Turns: 974, Time: 00:05:15

Health: -5/27      AC:  4    Str: 20    XL:     3   Next: 44%
Magic:  11/11      EV: 11    Int:  9    God:    Hepliaklqana [*.....]
Gold:   53         SH:  0    Dex:  7    Spells: 2/2 levels left

rFire   . . .      SeeInvis .   a - +2 spear
rCold   . . .      Faith    .   (no shield)
rNeg    . . .      Spirit   .   e - +0 leather armour
rPois   .          Reflect  .   (helmet restricted)
rElec   .          Harm     .   (no cloak)
rCorr   .          Rampage  .   c - +0 pair of gloves
Will    .....                   (no boots)
Stlth   +.........              f - amulet of regeneration
HPRegen 0.89/turn               g - ring of magical power
MPRegen 0.12/turn               (no ring)

@: no status effects
A: reduced essence, horns 2, retaliatory headbutt
a: Renounce Religion, Recall Ancestor, Ancestor Identity


You were on level 2 of the Dungeon.
You worshipped Hepliaklqana.
Hepliaklqana was aware of your devotion.
You visited 1 branch of the dungeon, and saw 2 of its levels.

You collected 53 gold pieces.

Inventory:

Hand Weapons
 a - a +2 spear (weapon)
 b - a +0 war axe
Armour
 c - a +0 pair of gloves (worn)
 e - a +0 leather armour (worn)
Jewellery
 f - an amulet of regeneration (around neck)
 g - a ring of magical power (left hand)
Scrolls
 d - a scroll of vulnerability


   Skills:
 + Level 3.0 Fighting
 - Level 4.8(5.7) Axes
 + Level 4.6(5.6) Polearms
 - Level 1.0 Throwing
 - Level 1.1 Dodging


You had 2 spell levels left.
You didn't know any spells.
Your spell library contained the following spells:

 Spells                   Type           Power      Damage    Failure   Level
 Animate Skeleton         Necr           0%         N/A       43%         1
 Pain                     Necr           0%         1d4       43%         1
 Vampiric Draining        Necr           0%         2d6       82%         3


Dungeon Overview and Level Annotations

Branches:
Dungeon (2/15)

Altars:
Hepliaklqana

Annotations:
D:2 Sigmund


Innate Abilities, Weirdness & Mutations

Your life essence is reduced to manifest your ancestor. (-10% HP)
You have a pair of horns on your head.
You reflexively headbutt those who attack you in melee.


Message History

You hit the frilled lizard.
You kill the frilled lizard!
There is a stone staircase leading up here.
Sigmund the Dreaded comes into view.
He is wielding a +0 scythe.
Sigmund shouts!
Sigmund gestures at you while chanting. The puff of flame misses you.
You reach to attack!
You hit Sigmund.
Sigmund is moderately wounded.
You reach to attack!
You hit Sigmund.
Sigmund is heavily wounded.
Sigmund casts a spell.
Sigmund flickers and vanishes!
Deactivating autopickup; reactivate with Ctrl-A.
No target in view!
Reach: a) +2 spear
Press: ? - help, Dir - move target You reach to attack!
You miss something.
Bozidara hits something.
Something hits you!
Reach: a) +2 spear
Press: ? - help, Dir - move target You could not reach far enough!
Bozidara hits something.
Unknown command.
Reach: a) +2 spear
Press: ? - help, Dir - move target You could not reach far enough!
Something hits you.
Bozidara closely misses something.
Reach: a) +2 spear
Press: ? - help, Dir - move target You reach to attack!
You closely miss something.
Bozidara hits something.
Reach: a) +2 spear
Press: ? - help, Dir - move target You could not reach far enough!
Something hits you.
Reach: a) +2 spear
Press: ? - help, Dir - move target You could not reach far enough!
Bozidara misses something.
Something hits you!
* * * LOW HITPOINT WARNING * * *
Bozidara hits something but does no damage.
Bozidara hits something.
Something hits you!
You die...

..# .#
#..#####.##.
..........
.......# #
#.....# ###.
#.....#
.....######....#
#.....#.<...#
#....@.#####
#..R.### #..{.#
##...# #...#
#...# #####


You could see the friendly Bozidara the ancestor.

Vanquished Creatures
  2 dart slugs (D:1)
  4 ball pythons (D:1)
  An endoplasm (D:1)
  A giant cockroach (D:1)
  A goblin (D:1)
  A hobgoblin (D:1)
  3 jackals (D:1)
  3 quokkas
  2 bats (D:1)
  4 frilled lizards
  3 kobolds (D:1)
  3 rats (D:1)
28 creatures vanquished.

Vanquished Creatures (collateral kills)
  An adder (D:1)
  A hobgoblin (D:2)
  A bat (D:1)
  A kobold (D:1)
4 creatures vanquished.

Vanquished Creatures (others)
  2 ancestors (D:1)
2 creatures vanquished.

Grand Total: 34 creatures vanquished

Notes
Turn   | Place    | Note
-------+----------+-------------------------------------------
     0 | D:1      | rabbitsville the Minotaur Wanderer began the quest for the
                  | Orb.
     0 | D:1      | rabbitsville set off with the following items: a +2 spear,
                  | a +0 hand axe, a +0 pair of gloves, a scroll of
                  | vulnerability, a +0 leather armour
     0 | D:1      | Reached XP level 1. HP: 16/16 MP: 0/0
   128 | D:1      | Reached XP level 2. HP: 23/24 MP: 1/1
   201 | D:1      | Found a faded altar of an unknown god.
   226 | D:1      | Prayed at the altar of an unknown god.
   226 | D:1      | Became a worshipper of Hepliaklqana the Forgotten
   226 | D:1      | Reached * piety under Hepliaklqana
   570 | D:1      | Reached XP level 3. HP: 27/27 MP: 2/2
   962 | D:2      | Noticed Sigmund
   974 | D:2      | Slain by Sigmund

Illustrated notes

Levels and vault maps discovered:
D:1:      ncdulo_wetmaze, layout_loops_ring, basic_ecumenical_altar
D:2:      wad_pebble_path, layout_rooms, serial_shops, shop,
          minmay_pentomino_p4, uniq_sigmund

Skill      XL: |  1  2  3 |
---------------+----------+-----
Fighting       | 2 3 |  3.0
Polearms       | 4 |  4.6
Axes           | |  4.8
Throwing       | |  1.0
Dodging        | |  1.1

Action                   || total
-------------------------++-------
Melee: Spear             ||    62
       Headbutt          ||     4
       War axe           ||     7
       Punch             ||     1
Armor: Leather armour    ||    21
Dodge: Dodged            ||    29

Table legend: (Time is in decaauts)
 A = Elapsed time spent in this place.
 B = Non-inter-level travel time spent in this place.
 C = Inter-level travel time spent in this place.
 D = Time resting spent in this place.
 E = Time spent auto-exploring this place.
 F = Levels seen in this place.
 G = Mean time per level.
                   A        B        C        D        E       F      G
               +--------+--------+--------+--------+--------+-----+--------+
         Total |    971 |    913 |     58 |      0 |    388 |   2 |  485.5 |
       Dungeon |    971 |    913 |     58 |      0 |    388 |   2 |  485.5 |
               +--------+--------+--------+--------+--------+-----+--------+

Top non-repeatable levels by time:
     D:1: 945 daAuts
     D:2: 26 daAuts
